 Dungeon Crawl Stone Soup version 0.24-a0-693-g39a19ac0f1 (webtiles) character file.

Game seed: 17111036587908562382, levelgen mode: deterministic

106 Arixos the Grave Robber (level 4, -3/32 HPs)
             Began as a Mummy Necromancer on Sept 28, 2019.
             Killed from afar by an orc wizard (6 damage)
             ... with a magic dart
             ... on level 4 of the Dungeon.
             The game lasted 00:40:39 (2773 turns).

Arixos the Grave Robber (Mummy Necromancer)         Turns: 2773, Time: 00:40:40

Health: -3/32      AC:  4    Str: 11    XL:     4   Next: 55%
Magic:  7/9        EV: 12    Int: 15    God:
Gold:   130        SH:  0    Dex: 12    Spells: 8/10 levels left

rFire    x . .     SeeInvis .   k - +1 dagger (drain)
rCold    + . .     Gourm    .   (no shield)
rNeg     + + +     Faith    .   a - +0 robe
rPois    ∞         Spirit   .   (no helmet)
rElec    .         Reflect  .   (no cloak)
rCorr    .         Harm     .   (no gloves)
MR       .....                  (no boots)
Stlth    ++........             (no amulet)
HPRegen  0.10/turn              r - +2 ring of protection
MPRegen  0.11/turn              (no ring)

@: no status effects
A: no food or potions, fire vulnerability, cold resistance 1, negative energy
resistance 3, torment resistance, unbreathing
a: no special abilities


You were on level 4 of the Dungeon.
You were not hungry.

You visited 1 branch of the dungeon, and saw 4 of its levels.

You collected 130 gold pieces.

Inventory:

Hand Weapons
 i - a +0 club
 k - a +1 dagger of draining (weapon)
 p - a +2 dagger of electrocution
Missiles
 b - 2 javelins (quivered)
 c - 67 stones
 j - 37 arrows
Armour
 a - a +0 robe (worn)
 e - a +0 scale mail
 g - a +0 ring mail
Jewellery
 r - a +2 ring of protection (left hand)
Wands
 s - a wand of random effects (18)
Scrolls
 d - 2 scrolls of enchant armour {unknown}
 f - a scroll of teleportation {unknown}
 h - a scroll of magic mapping {unknown}
 l - a scroll of fear {unknown}
 m - 2 scrolls of identify {unknown}
 n - a scroll of remove curse {unknown}
 o - a scroll of enchant weapon {unknown}
 q - a scroll of fog {unknown}


   Skills:
 + Level 1.5 Fighting
 + Level 2.1 Dodging
 + Level 2.2 Stealth
 * Level 3.8 Spellcasting
 * Level 4.5 Necromancy


You had 8 spell levels left.
You knew the following spells:

 Your Spells              Type           Power        Failure   Level  Hunger
a - Pain                  Necr           ###.         3%          1    N/A
b - Animate Skeleton      Necr           N/A          3%          1    N/A

Your spell library contained the following spells:

 Spells                   Type           Power        Failure   Level  Hunger
 Vampiric Draining        Necr           ###.......   9%          3    N/A
 Animate Dead             Necr           N/A          28%         4    N/A
 Regeneration             Chrm/Necr      Unusable     N/A         3    N/A

Dungeon Overview and Level Annotations

Branches:
Dungeon (4/15)
 Temple: D:4-7

Altars:
Qazlal
Ru


Innate Abilities, Weirdness & Mutations

You do not eat or drink.
Your flesh is vulnerable to fire.
You are immune to poison.
Your flesh is cold resistant. (rC+)
You are immune to negative energy. (rN+++)
You are immune to unholy pain and torment.
You can survive without breathing.


Message History

The orc wizard casts a spell at you. The magic dart hits you!
* * * LOW HITPOINT WARNING * * *
Casting: Animate Skeleton (safe; 3% risk of failure)
Confirm with . or Enter, or press ? or * to list all spells.
Aiming: Pain (safe; 3% risk of failure)
Press: ? - help, Shift-Dir - straight line, f - orc wizard
Aim: an orc wizard, wielding a +0 dagger and wearing a cursed +0 robe (moderately wounded, fast, heavily drained, chance to defeat MR: 80%)
The orc wizard writhes in agony.
The orc wizard hits you but does no damage.
The phantom blinks!
The orc wizard closely misses you.
Casting: Pain (safe; 3% risk of failure)
Confirm with . or Enter, or press ? or * to list all spells.
Aiming: Pain (safe; 3% risk of failure)
Press: ? - help, Shift-Dir - straight line, f/p - orc wizard
Aim: an orc wizard, wielding a +0 dagger and wearing a cursed +0 robe (heavily wounded, fast, heavily drained, chance to defeat MR: 80%)
The orc wizard writhes in agony.
The orc wizard casts a spell at you. The magic dart hits you.
You die...

#. #..##.#######
#............
#†.##.#####.# #..##.#
#.# #..##.# #.#
####..##.#####.#
#..#[.............#
#.............##.#
#.##.##@######.##.####
## #o# ####....#
#⌠⌠⌠⌠⌠ol§⌠⌠⌠⌠⌠# ####.#
#⌠...§§§§....⌠# #.##
#⌠...§.≈§(...⌠# #..#
#⌠...§.§§....⌠# ##.#
#⌠..≈.§§..≈..⌠# #.#
#⌠..≈..≈§=≈..⌠# #.#
#⌠..≈≈≈§≈≈≈..⌠# #.#


You could see an orc wizard, an orc and a frilled lizard.

Vanquished Creatures
  A worker ant (D:4)
  3 adders
  3 worms
  A dart slug (D:2)
  A leopard gecko (D:3)
  An orc (D:4)
  3 bats
  2 giant cockroaches (D:3)
  6 goblins
  10 hobgoblins
  3 jackals (D:4)
  2 ball pythons (D:1)
  2 frilled lizards
  2 kobolds (D:1)
  A rat (D:1)
41 creatures vanquished.

Vanquished Creatures (collateral kills)
  A goblin (D:1)
1 creature vanquished.

Vanquished Creatures (others)
  7 toadstools (D:1)
7 creatures vanquished.

Grand Total: 49 creatures vanquished

Notes
Turn   | Place    | Note
-------+----------+-------------------------------------------
     0 | D:1      | Arixos the Mummy Necromancer began the quest for the Orb.
     0 | D:1      | Reached XP level 1. HP: 13/13 MP: 4/4
     4 | D:1      | Learned a level 1 spell: Animate Skeleton
   746 | D:1      | Reached XP level 2. HP: 20/20 MP: 2/5
  1647 | D:2      | Found a sacrificial altar of Ru.
  1661 | D:2      | Reached skill level 1 in Fighting
  1661 | D:2      | Reached XP level 3. HP: 20/26 MP: 7/7
  2540 | D:3      | Found a stormy altar of Qazlal.
  2541 | D:3      | Noticed an air elemental
  2543 | D:3      | Noticed a water elemental
  2543 | D:3      | Noticed a fire elemental
  2543 | D:3      | Noticed an earth elemental
  2555 | D:3      | Reached XP level 4. HP: 31/32 MP: 5/9
  2723 | D:4      | Noticed a phantom
  2773 | D:4      | Killed from afar by an orc wizard

Levels and vault maps discovered:
D:1:      nagdon_arrival_double_spiral, layout_basic, minmay_fountain_box
D:2:      layout_loops_cross, nicolae_overflow_hidden_temple
D:3:      layout_basic, xom_teletrap_fun, nicolae_qazlal_style_of_elements,
          uniq_ijyb
D:4:      layout_loops_ring, marbit_many_paths, portal_sewer_entry_a,
          kennysheep_generic_room_16

Skill      XL: |  1  2  3 |
---------------+----------+-----
Spellcasting   | 3 |  3.8
Fighting       | 1 |  1.5
Stealth        | 2 |  2.2
Dodging        | 2 |  2.1
Necromancy     | |  4.5

Action                   |  1- 3 |  4- 6 || total
-------------------------+-------+-------++-------
Melee: Unarmed           |    21 |       ||    21
       Dagger            |    60 |    50 ||   110
 Cast: Pain              |    24 |     7 ||    31
       Animate Skeleton  |    14 |     2 ||    16
 Stab: Sleeping          |     2 |       ||     2
Armor: Robe              |    20 |    12 ||    32
Dodge: Dodged            |    50 |    25 ||    75

Table legend:
 A = Non-vault XP
 B = Vault XP
 C = Vault XP percentage of total XP
 D = Non-vault monster count
 E = Vault monster count
 F = Vault count percentage of total count
                 A         B        C        D         E       F
            +---------+---------+-------+---------+---------+-------
      Total |     119 |      33 |  21.7 |      41 |       1 |   2.4
            +---------+---------+-------+---------+---------+-------
        D:1 |      29 |       0 |   0.0 |      18 |       0 |   0.0
        D:2 |      45 |       0 |   0.0 |      10 |       0 |   0.0
        D:3 |      31 |       0 |   0.0 |       8 |       0 |   0.0
        D:4 |      14 |      33 |  70.2 |       5 |       1 |  16.7
            +---------+---------+-------+---------+---------+-------
